 Dungeon Crawl Stone Soup version 0.28-a0-535-g6f645e4c1d (webtiles) character file.

Game seed: 229550740886587781

1198 ytrimaz the Martial Artist (level 8, -9/61 HPs)
             Began as a Demonspawn Monk on Sept 27, 2021.
             Was a Believer of Wu Jian.
             Mangled by an ogre (27 damage)
             ... on level 6 of the Dungeon.
             The game lasted 00:09:51 (8193 turns).

ytrimaz the Martial Artist (Demonspawn Monk)        Turns: 8193, Time: 00:09:52

Health: -9/61      AC: 10    Str: 14    XL:     8   Next: 20%
Magic:  8/8        EV: 10    Int: 12    God:    Wu Jian [**....]
Gold:   74         SH:  0    Dex: 15    Spells: 7/7 levels left

rFire   . . .      SeeInvis .     - Unarmed
rCold   . . .      Faith    .   (no shield)
rNeg    + . .      Spirit   .   b - +1 scale mail
rPois   .          Reflect  .   (helmet restricted)
rElec   .          Harm     .   (no cloak)
rCorr   .          Rampage  .   (no gloves)
Will    .....                   (no boots)
Stlth   +.........              (no amulet)
HPRegen 0.20/turn               k - ring of positive energy
MPRegen 0.11/turn               (no ring)

@: no status effects
A: horns 1, molten scales 2, foul stench 1, powered by death 1
a: Renounce Religion, Wall Jump


You were on level 6 of the Dungeon.
You worshipped Wu Jian.
Wu Jian was pleased with you.
You visited 1 branch of the dungeon, and saw 6 of its levels.
You also visited: Sewer.

You collected 245 gold pieces.
You spent 171 gold pieces at shops.

Inventory:

Armour
 b - a +1 scale mail (worn)
Jewellery
 a - a ring of wizardry
 k - a ring of positive energy (left hand)
Wands
 h - a wand of iceblast (26)
 m - a wand of digging (7)
Scrolls
 f - 2 scrolls of enchant armour
 i - a scroll of amnesia {unknown}
 o - a scroll of teleportation
Potions
 c - 2 potions of haste
 d - 6 potions of might {unknown}
 e - 2 potions of curing {unknown}
 g - a potion of heal wounds {unknown}
 j - a potion of cancellation {unknown}
 l - 2 potions of attraction {unknown}
 n - a potion of brilliance {unknown}


   Skills:
 * Level 4.8 Fighting
 + Level 3.7 Dodging
 - Level 1.7 Stealth
 * Level 8.3 Unarmed Combat


You had 7 spell levels left.
You didn't know any spells.
Your spell library contained the following spells:

 Spells                   Type           Power      Damage    Failure   Level
 Summon Small Mammal      Summ           0%         N/A       83%         1
 Call Canine Familiar     Summ           0%         N/A       99%         3
 Summon Guardian Golem    Hex/Summ       0%         N/A       99%         3


Dungeon Overview and Level Annotations

Branches:
Dungeon (6/15)              Sewer (visited)
 Temple: D:4-7

Altars:
Gozag
Hepliaklqana
Wu Jian

Shops:
D:1 (

Annotations:
D:3 4 runed translucent doors, Crazy Yiuf; SkeletonJelly's ghost, amateur DgHu


Innate Abilities, Weirdness & Mutations

You have a pair of small horns on your head.
You are mostly covered in molten scales. (AC +3)
You may rarely emit foul miasma when damaged in melee.
You regenerate a little health from kills.


Message History

The Council accepts your kill.
Found a stone staircase leading down.
You now have 74 gold pieces (gained 5).
Found 22 stones.
Found a scroll of teleportation.
h - a wand of iceblast (26) (gained 9 charges)
n - a grey potion
o - a scroll of teleportation An ogre comes into view.
It is wielding a +0 giant spiked club.
The ogre shouts!
You hear an angry hiss.
An ogre is nearby!
An adder comes into view.
Found a scroll of identify.
The ogre hits you with a +0 giant spiked club!
You spin and attack the ogre.
You punch the ogre! You headbutt the ogre.
The ogre is moderately wounded.
An ufetubus comes into view.
Found a coppery potion and a scroll of identify.
You spin and attack the ogre.
You barely miss the ogre.
The ufetubus shouts!
You headbutt the ogre.
The ogre is moderately wounded.
The ogre hits you with a +0 giant spiked club!
You hit the ogre but do no damage.
The ogre is moderately wounded.
The ogre closely misses you.
You punch the ogre! Your headbutt misses the ogre.
The ogre is severely wounded.
The ufetubus barely misses you. The ufetubus closely misses you.
You completely miss the ogre.
The ogre is severely wounded.
The ufetubus misses you. The ufetubus barely misses you.
The ogre hits you with a +0 giant spiked club!!
* * * LOW HITPOINT WARNING * * *
The ufetubus hits you but does no damage. x2
You hit the ogre.
The ogre is almost dead.
The ufetubus hits you but does no damage. x2
The ogre hits you with a +0 giant spiked club!!
You die...

#.........# ..........+
#?.8 ..........#.#...
..........#?#.#. #.
........<.#!.... .#..
#.........# #.S8 ...
...#........#... ..#
#..########.#..5###S##
......# .#...@#...#..
......# #..8.O.8...8
....<.# #...........
......# ##...#######
......# #.#.# ......#
...#.# ......#
#####.########
......######.#..........#
......'......#.#.######.#


You could see an ogre, an adder and an ufetubus.

Vanquished Creatures
  Eustachio (D:4)
  An orc warrior (D:6)
  A sky beast (D:5)
  A centaur (D:3)
  A phantom (D:5)
  2 bullfrogs
  A water moccasin skeleton (D:5)
  2 hounds
  2 jellies
  3 iguanas
  Ijyb (D:3)
  4 orc wizards
  4 gnolls
  6 adders
  A river rat (D:4)
  A shadow imp (D:5)
  An adder skeleton (D:4)
  2 dart slugs
  9 orcs
  12 ball pythons
  6 bats
  An endoplasm (D:2)
  6 giant cockroaches
  5 goblins
  6 hobgoblins
  14 jackals
  3 quokkas (D:4)
  9 frilled lizards
  13 kobolds
  7 rats
126 creatures vanquished.

Vanquished Creatures (others)
  An orc (D:5)
  14 plants (Sewer)
15 creatures vanquished.

Grand Total: 141 creatures vanquished

Notes
Turn   | Place    | Note
-------+----------+-------------------------------------------
     0 | D:1      | ytrimaz the Demonspawn Monk began the quest for the Orb.
     0 | D:1      | Reached XP level 1. HP: 18/18 MP: 1/1
   481 | D:1      | Gained mutation: You have a pair of small horns on your
                  | head. [demonic ancestry]
   481 | D:1      | Reached XP level 2. HP: 23/24 MP: 2/2
   503 | D:1      | Reached skill level 3 in Unarmed Combat
  1173 | D:1      | Found a faded altar of an unknown god.
  1209 | D:1      | Gained mutation: You may rarely emit foul miasma when
                  | damaged in melee. [demonic ancestry]
  1209 | D:1      | Reached XP level 3. HP: 28/29 MP: 3/3
  1234 | D:1      | Found Vuirer's Antique Weapon Shoppe.
  1715 | D:2      | Found a hazy altar of Hepliaklqana.
  1760 | D:2      | You fall into a shaft and drop 1 floor!
  2033 | D:2      | Reached skill level 4 in Unarmed Combat
  2033 | D:2      | Reached XP level 4. HP: 11/37 MP: 4/4
  3060 | D:3      | Gained mutation: You are partially covered in molten
                  | scales. (AC +2) [demonic ancestry]
  3060 | D:3      | Reached XP level 5. HP: 29/42 MP: 5/5
  3277 | D:3      | Found a runed translucent door.
  3278 | D:3      | Noticed Crazy Yiuf
  3456 | D:3      | Noticed Ijyb
  3456 | D:3      | Noticed a centaur
  3464 | D:3      | Killed Ijyb
  3474 | D:3      | Killed a centaur
  3475 | D:3      | Reached skill level 5 in Unarmed Combat
  3734 | D:3      | Found a runed translucent gate.
  3734 | D:3      | Found an opulent altar of Gozag.
  3735 | D:3      | Found a runed translucent gate.
  3735 | D:3      | Found a runed translucent gate.
  3736 | D:3      | Noticed SkeletonJelly's ghost (amateur DgHu)
  4289 | D:4      | Gained mutation: You are mostly covered in molten scales.
                  | (AC +3) [demonic ancestry]
  4289 | D:4      | Reached XP level 6. HP: 35/48 MP: 6/6
  4414 | D:4      | Found a glowing drain.
  4418 | Sewer    | Entered a sewer
  5654 | D:4      | Noticed Eustachio
  6130 | D:4      | Killed Eustachio
  6131 | D:4      | Reached skill level 6 in Unarmed Combat
  6477 | D:5      | Entered Level 5 of the Dungeon
  6632 | D:5      | Gained mutation: You regenerate a little health from kills.
                  | [demonic ancestry]
  6632 | D:5      | Reached XP level 7. HP: 55/55 MP: 7/7
  6755 | D:5      | Reached skill level 7 in Unarmed Combat
  7407 | D:1      | Bought a polished morningstar for 171 gold pieces
  7407 | D:1      | Identified the +10 morningstar of Shrieking Innocence
                  | {holy, +Blink Fly rElec} (You bought it in a shop on level
                  | 1 of the Dungeon)
  7782 | D:6      | Reached skill level 8 in Unarmed Combat
  7782 | D:6      | Reached XP level 8. HP: 48/61 MP: 8/8
  8112 | D:6      | Found an ornate altar of the Wu Jian Council.
  8120 | D:6      | Became a worshipper of the Wu Jian Council
  8120 | D:6      | Reached * piety under Wu Jian
  8120 | D:6      | Reached ** piety under Wu Jian
  8193 | D:6      | Mangled by an ogre

Illustrated notes

Levels and vault maps discovered:
D:1:      minmay_arrival_loop, layout_basic, serial_shops, shop,
          hellmonk_ecumenical_altar_heavens_door
D:2:      layout_basic, basic_altar
D:3:      layout_loops_corners, ebering_ghost_gozag, nrook_mini_backslash,
          palyth_stone_intersect, uniq_crazy_yiuf_cottage, uniq_ijyb
D:4:      layout_loops_corners, minmay_temple_entry_from_below_a,
          gup_sewer_entry_spiral, uniq_eustachio
D:5:      layout_loops_ring, amethyst_killhole, kennysheep_doodads
D:6:      minmay_general_purpose_star, layout_basic, kennysheep_mini,
          minmay_misc_feat_four_crosses, minmay_statues_item

Skill      XL: |  1  2  3  4  5  6  7 |
---------------+----------------------+-----
Unarmed Combat | 3 4 5 6 8 |  8.3
Dodging        | 3 |  3.7
Fighting       | 4 |  4.8
Stealth        | |  1.7

Action                   |  1- 3 |  4- 6 |  7- 9 || total
-------------------------+-------+-------+-------++-------
Melee: Unarmed           |   149 |   261 |   148 ||   558
       Punch             |     3 |     5 |     7 ||    15
       Headbutt          |    19 |    42 |    34 ||    95
Invok: Whirlwind         |       |       |     5 ||     5
       Lunge             |       |       |     1 ||     1
  Use: Scroll            |       |     7 |       ||     7
       Potion            |       |     2 |       ||     2
Armor: Robe              |     6 |       |       ||     6
       Scale mail        |    67 |   103 |    55 ||   225
Dodge: Dodged            |    94 |   155 |    53 ||   302

Table legend: (Time is in decaauts)
 A = Elapsed time spent in this place.
 B = Non-inter-level travel time spent in this place.
 C = Inter-level travel time spent in this place.
 D = Time resting spent in this place.
 E = Time spent auto-exploring this place.
 F = Levels seen in this place.
 G = Mean time per level.
                   A        B        C        D        E       F      G
               +--------+--------+--------+--------+--------+-----+--------+
         Total |   8316 |   7839 |    477 |   1682 |   4746 |   7 | 1188.0 |
       Dungeon |   7418 |   6941 |    477 |   1632 |   4157 |   6 | 1236.3 |
         Sewer |    897 |    897 |      0 |     50 |    588 |   1 |  897.0 |
               +--------+--------+--------+--------+--------+-----+--------+

Top non-repeatable levels by time:
     D:4: 1871 daAuts
     D:1: 1513 daAuts
     D:3: 1339 daAuts
     D:2: 1316 daAuts
     D:5: 914 daAuts
   Sewer: 897 daAuts
     D:6: 464 daAuts
